 Dungeon Crawl Stone Soup version 0.31-a0-233-g139696dc86 (webtiles) character file.

Game seed: 1947734454602923097

273 qw the Shooter (level 6, 0/50 (52) HPs)
             Began as a Minotaur Hexslinger on July 9, 2023.
             Slain by a wight
             ... wielding a +0 falchion
              (4 damage)
             ... on level 3 of the Dungeon.
             The game lasted 00:00:48 (2197 turns).

qw the Shooter (Minotaur Hexslinger)                Turns: 2197, Time: 00:00:49

HP:   0/50 (52)     AC:  4    Str: 13    XL:     6   Next: 2%
MP:   6/6           EV: 12    Int: 10    God:
Gold: 68            SH:  0    Dex: 14    Spells: 6/7 levels left

rFire   . . .        Y - +1 sling (flame)
rCold   + . .        (no shield)
rNeg    . . .        i - +1 robe {rC+}
rPois   .            (helmet restricted)
rElec   .            (no cloak)
rCorr   .            (no gloves)
SInv    .            d - +0 pair of boots
Will    .....        g - amulet of regeneration
Stlth   +            (no ring)
HPRegen 1.08/turn    (no ring)
MPRegen 0.10/turn

%: no passive effects
@: lightly drained
A: horns 2, retaliatory headbutt
a: no special abilities


You were on level 3 of the Dungeon.
You visited 1 branch of the dungeon, and saw 3 of its levels.

You collected 144 gold pieces.
You spent 76 gold pieces at shops.


Innate Abilities, Weirdness & Mutations

You have a pair of horns on your head.
You reflexively headbutt those who attack you in melee.


   Skills:
 + Level 3.9 Fighting
 - Level 6.0 Ranged Weapons
 - Level 2.1 Dodging
 - Level 1.0 Spellcasting
 - Level 2.0 Hexes


You had 6 spell levels left.
You knew the following spells:

 Your Spells              Type           Power      Damage    Failure   Level
a - Slow                  Hex            16%        N/A       16%         1

Your spell library contained the following spells:

 Spells                   Type           Power      Damage    Failure   Level
 Inner Flame              Hex/Fire       2%         N/A       56%         3
 Portal Projectile        Hex/Tloc       4%         N/A       56%         3
 Cause Fear               Hex            2%         N/A       83%         4

Inventory:

Hand Weapons
 Y - a +1 sling of flaming (weapon)
Armour
 d - a +0 pair of boots (worn)
 i - a +1 robe of cold resistance (worn)
 l - a +0 leather armour
 m - a +0 ring mail
Jewellery
 g - an amulet of regeneration (around neck)
 k - a +4 ring of slaying {mikee}
 n - a ring of positive energy
 o - a +5 ring of evasion
Scrolls
 b - 3 scrolls of identify
Potions
 a - a potion of resistance {unknown}
 c - a potion of berserk rage {unknown}
 e - a potion of mutation {unknown}
 f - a potion of ambrosia {unknown}
 h - a potion of cancellation {unknown}
 j - a potion of enlightenment {unknown}
 p - 2 potions of heal wounds {unknown}

Dungeon Overview and Level Annotations

Branches:
Dungeon (3/15)

Altars:

Shops:
D:3 *[[


Message History

The wight is moderately damaged.
The wight barely misses you.
You shoot a sling bullet.
The sling bullet hits the wight but does no damage.
The wight is moderately damaged.
The wight hits you with a +0 hand axe.
You shoot a sling bullet.
The sling bullet barely misses the wight.
The wight hits you but does no damage.
You shoot a sling bullet. The sling bullet hits the wight.
The sling bullet burns the wight.
The wight is heavily damaged.
The wight hits you with a +0 hand axe!
You shoot a sling bullet.
The sling bullet hits the wight but does no damage.
The wight is heavily damaged.
The wight hits you with a +0 hand axe.
You shoot a sling bullet. The sling bullet hits the wight!
The sling bullet burns the wight.
You destroy the wight!
The wight misses you.
The wight hits you from afar with a +3 trident.
You feel drained. The wight hits you with a +0 falchion!
The wight barely misses you.
Your life force feels restored.
You have reached level 6!
You shoot a sling bullet.
The sling bullet closely misses the wight.
The wight hits you with a +0 falchion.
You feel drained.
The wight hits you from afar with a +3 trident!
You shoot a sling bullet.
The sling bullet barely misses the wight.
The wight misses you.
The wight hits you from afar with a +3 trident.
You feel drained.
You shoot a sling bullet. The sling bullet hits the wight!
The sling bullet burns the wight.
The wight is severely damaged.
The wight hits you with a +0 falchion.
You die...

### ..#. ..# ... #.######## #%.
### #.##.....# #.. #.. #.##.###.#
# #.# # #.# .......#.## #.##z##.#
#.# ..........# #..z)...# #.#
..........# ##@## ####.#
.....#.##.# #...# #.....
.......##.# #...# ######.##.#
.....\....# #...# #......##.#
.......#..#####...#####.###.....#
..........#...........#.###...###
....#............................
.#.##..#.##...........#.###......
.#.......######.#.#####.......###


You could see 2 wights.

Vanquished Creatures
  2 wights (D:3)
  An orc priest (D:3)
  Ijyb (D:3)
  Robin (D:3)
  4 adders
  A worm (D:2)
  2 dart slugs
  3 orcs (D:3)
  5 bats
  4 endoplasms
  A giant cockroach (D:3)
  7 goblins
  9 hobgoblins
  3 quokkas
  6 ball pythons
  2 frilled lizards (D:2)
  2 kobolds
  7 rats
61 creatures vanquished.

Notes
Turn   | Place    | Note
-------+----------+-------------------------------------------
     0 | D:1      | qw the Minotaur Hexslinger began the quest for the Orb.
     0 | D:1      | Reached XP level 1. HP: 16/16 MP: 1/1
     0 | D:1      | 0 ||| qw: Version: 0.3-a-51-g015441d
     0 | D:1      | 0 ||| qw: Game counter: 3869
     0 | D:1      | 0 ||| qw: Melee chars always use a shield: true
     0 | D:1      | 0 ||| qw: God list: Okawaru
     0 | D:1      | 0 ||| qw: Allow faded altars: false
     0 | D:1      | 0 ||| qw: Do Orc after clearing Dungeon:15 true
     0 | D:1      | 0 ||| qw: Do second Lair branch before Depths: true
     0 | D:1      | 0 ||| qw: Lair rune preference: random
     0 | D:1      | 0 ||| qw: Goals: Normal
     0 | D:1      | 0 ||| PLANNING D:1-11
   289 | D:1      | Reached skill level 3 in Ranged Weapons
   356 | D:1      | Reached XP level 2. HP: 23/23 MP: 2/2
   876 | D:1      | 876 ||| UPGRADING to +0 pair of boots.
   881 | D:1      | 881 ||| READING scroll labelled SOIGOZ YRCHOMNY PUX.
   882 | D:1      | 882 ||| READING scroll labelled IREVAGHOOROO.
   883 | D:1      | 883 ||| DROPPING scroll of poison.
   941 | D:2      | Reached XP level 3. HP: 28/30 MP: 3/3
   979 | D:2      | HP: 1/30 [worm (9)]
  1321 | D:2      | Reached skill level 4 in Ranged Weapons
  1721 | D:2      | 1721 ||| UPGRADING to +1 robe of cold resistance.
  1731 | D:2      | 1731 ||| DROPPING +0 robe.
  1732 | D:2      | 1732 ||| UPGRADING to amulet of regeneration.
  1737 | D:2      | 1737 ||| READING 2 scrolls labelled SEANWO WOMUMU.
  1738 | D:2      | 1738 ||| READING scroll labelled ECSIZI BYRIL.
  1739 | D:2      | 1739 ||| READING scroll labelled WUMINO HUOV.
  1871 | D:3      | Reached XP level 4. HP: 37/37 MP: 4/4
  1872 | D:3      | Found Cusiloma's Armour Shoppe.
  1876 | D:3      | 1876 ||| BUYING +0 leather armour (22 gold).
  1876 | D:3      | Bought a +0 leather armour for 22 gold pieces
  1876 | D:3      | 1876 ||| SHOPLISTING +0 leather armour of willpower (99
                  | gold, have 90).
  1876 | D:3      | 1876 ||| SHOPLISTING +1 cloak of preservation (181 gold,
                  | have 90).
  1876 | D:3      | 1876 ||| SHOPLISTING +5 steam dragon scales "Qosoloor" {rN+
                  | Dex+4} (930 gold, have 90).
  1876 | D:3      | 1876 ||| SHOPLISTING -1 pair of gloves of Somewhere Else
                  | {rC++} (264 gold, have 90).
  1940 | D:3      | Found a faded altar of an unknown god.
  1966 | D:3      | Identified the +0 helmet of Huism {rElec Will+ Regen+
                  | rCorr}
  1966 | D:3      | Noticed Robin
  1975 | D:3      | Noticed Ijyb
  1976 | D:3      | Reached skill level 5 in Ranged Weapons
  1980 | D:3      | Killed Robin
  1984 | D:3      | Reached skill level 3 in Fighting
  1994 | D:3      | Killed Ijyb
  1995 | D:3      | Reached XP level 5. HP: 18/45 MP: 5/5
  2027 | D:3      | Found Congafit's Antique Armour Boutique.
  2040 | D:3      | 2040 ||| SHOPLISTING pair of embroidered gloves (202 gold,
                  | have 95).
  2040 | D:3      | 2040 ||| SHOPLISTING pair of heavily runed gloves (256
                  | gold, have 95).
  2040 | D:3      | 2040 ||| SHOPLISTING runed robe (99 gold, have 95).
  2080 | D:3      | Found Qippim's Assorted Antiques.
  2089 | D:3      | 2089 ||| SHOPLISTING copper wand (108 gold, have 102).
  2089 | D:3      | 2089 ||| BUYING scroll of identify (54 gold).
  2089 | D:3      | Bought a scroll of identify for 54 gold pieces
  2089 | D:3      | 2089 ||| SHOPLISTING sharpened fluorescent wand (108 gold,
                  | have 48).
  2182 | D:3      | Reached skill level 6 in Ranged Weapons
  2195 | D:3      | Reached XP level 6. HP: 15/52 MP: 6/6
  2195 | D:3      | HP: 7/51 [wight/+3 trident (8)]
  2196 | D:3      | HP: 3/51 [wight/+3 trident (5)]
  2197 | D:3      | Slain by a wight

Levels and vault maps discovered:
D:1:      mrwooster_arrival_statue_2, layout_basic
D:2:      layout_basic
D:3:      layout_loops_cross, serial_shops, nicolae_shop_rolling_square, shop,
          shop, shop, chequers_ecumenical_altar_island, nicolae_goblin_pals

Skill      XL: |  1  2  3  4  5 |
---------------+----------------+-----
Ranged Weapons | 3 4 5 6 |  6.0
Fighting       | 2 3 |  3.9
Dodging        | |  2.1
Spellcasting   | |  1.0
Hexes          | |  2.0

Action                     |  1- 3 |  4- 6 || total
---------------------------+-------+-------++-------
   Fire: Sling             |   110 |    87 ||   197
    Use: Scroll            |     5 |       ||     5
 Armour: Robe              |    11 |     9 ||    20
  Dodge: Dodged            |    37 |    36 ||    73

Table legend:
 A = Non-vault XP
 B = Vault XP
 C = Vault XP percentage of total XP
 D = Non-vault monster count
 E = Vault monster count
 F = Vault count percentage of total count
                 A         B        C        D         E       F
            +---------+---------+-------+---------+---------+-------
      Total |     328 |      62 |  15.9 |      53 |       8 |  13.1
            +---------+---------+-------+---------+---------+-------
        D:1 |      20 |       0 |   0.0 |      11 |       0 |   0.0
        D:2 |      67 |       0 |   0.0 |      20 |       0 |   0.0
        D:3 |     241 |      62 |  20.5 |      22 |       8 |  26.7
            +---------+---------+-------+---------+---------+-------
